 Dungeon Crawl Stone Soup version 0.27-a0-972-gd1521fd518 (webtiles) character file.

Game seed: 10285042452479607667

10239 siradein the Thaumaturge (level 11, -16/79 HPs)
             Began as a Djinni Conjurer on Apr 14, 2021.
             Was a Believer of Ashenzari.
             Engulfed by a cloud of freezing vapour (20 damage)
             ... in an ice cave.
             The game lasted 01:03:40 (15329 turns).

siradein the Thaumaturge (Djinni Conjurer)         Turns: 15329, Time: 01:03:41

Health: -16/79     AC:  9    Str:  6    XL:     11   Next: 59%
Gold:   722        EV: 14    Int: 22    God:    Ashenzari [**....] SH:  5 Dex: 13

rFire    + + +     SeeInvis +   C - staff of death
rCold    . . .     Faith    .   f - +0 buckler {rC+ rF+}
rNeg     + . .     Spirit   .   P - +0 acid dragon scales
rPois    ∞         Reflect  .   x - +1 helmet "Lashed Jealousy" {Melee, Cun} (curse)
rElec    .         Harm     .   A - scarf of Ashenzari's Skepticism {+Inv, Range, Evo} (curse)
rCorr    +         Rampage  .   (no gloves)
Will     +....                  (boots unavailable)
Stlth    ++........             (no amulet)
HPRegen  0.23/turn              p - ring "Behold Eternity" {Wiz, Self, Range} (curse)
MPRegen  0.00/turn              y - ring of wizardry

@: flying
A: fire resistance 2, cold vulnerability 1, float, innate caster, hp casting,
extra vitality 1
a: Renounce Religion, Evoke Invisibility, Shatter the Chains


You were in an ice cave.
You worshipped Ashenzari.
Ashenzari was pleased with you.
You visited 1 branch of the dungeon, and saw 11 of its levels.
You also visited: Sewer, Ossuary and Ice Cave.

You collected 722 gold pieces.

Inventory:

Hand Weapons
 t - a +0 spectral quarterstaff
 H - a +0 mace
Missiles
 v - 4 throwing nets
 z - 4 curare-tipped darts
Armour
 f - a +0 buckler of resistance (worn)
 x - the cursed +1 helmet "Lashed Jealousy" (worn) {Melee, Cun}
   (You found it on level 5 of the Dungeon)

   It has a curse which improves the following skills: Melee Combat: Short
   Blades, Long Blades, Axes, Maces & Flails, Polearms, Staves and Unarmed
   Combat.
   Cunning:   Dodging and Stealth.
 A - the cursed scarf of Ashenzari's Skepticism (worn) {+Inv, Range, Evo}
   (You found it on level 6 of the Dungeon)

   It has a curse which improves the following skills: Ranged Combat: Slings,
   Bows, Crossbows and Throwing.
   Evocations: Evocations.
 P - +0 acid dragon scales (worn)
Magical Staves
 n - a staff of air
 w - a staff of earth
 C - a staff of death (weapon)
 L - a staff of poison
Jewellery
 b - a +4 ring of slaying
 p - the cursed ring "Behold Eternity" (left hand) {Wiz, Self, Range}
   (You found it on level 4 of the Dungeon)

   [ring of wizardry]

   It improves your spell success rate.
   It has a curse which improves the following skills: Introspection: Fighting
   and Spellcasting.
   Ranged Combat: Slings, Bows, Crossbows and Throwing.
 y - a ring of wizardry (right hand)
 I - a +6 ring of dexterity
 M - a ring of wizardry
Wands
 a - a wand of mindburst (12)
 k - a wand of iceblast (17)
 r - a wand of charming (9)
 E - a wand of acid (10)
 K - a wand of paralysis (21)
 O - a wand of flame (17)
Scrolls
 c - 14 scrolls of teleportation
 d - 13 scrolls of identify
 e - 3 scrolls of vulnerability
 h - 5 scrolls of fog
 q - 3 scrolls of enchant weapon
 s - 2 scrolls of brand weapon
 u - 2 scrolls of blinking
 D - a scroll of immolation
 J - a scroll of silence
 N - 2 scrolls of enchant armour
Potions
 g - 6 potions of curing
 i - 2 potions of lignification
 j - 3 potions of haste
 m - 2 potions of cancellation
 o - 2 potions of heal wounds
 B - 2 potions of invisibility
 F - 6 potions of brilliance
 G - a potion of resistance


   Skills:
 + Level 5.9(7.3) Fighting
 + Level 5.9 Armour
 + Level 6.9(8.4) Dodging
 - Level 1.5(2.6) Stealth
 + Level 5.9 Shields
 + Level 11.6(12.9) Spellcasting


You had 6 spell levels left.
You knew the following spells:

 Your Spells              Type           Power      Damage    Failure   Level
a - Magic Dart            Conj           100%       1d8       1%          1
b - Searing Ray           Conj           100%       3d7       1%          2
c - Dazzling Flash        Conj/Hex       100%       N/A       1%          3
d - Fulminant Prism       Conj/Hex       31%        3d16      1%          4
e - Iskenderun's Mystic   Conj/Tloc      63%        2d13      1%          4
f - Foxfire               Conj/Fire      100%       2x1d9     1%          1
g - Slow                  Hex            63%        N/A       1%          2
h - Confusing Touch       Hex            63%        N/A       1%          3
i - Hailstorm             Conj/Ice       63%        3d13      1%          4
j - Borgnjor's Vile Clut  Necr/Erth      41%        N/A       1%          5
Your spell library was empty.

Dungeon Overview and Level Annotations

Branches:
Dungeon (11/15)            Temple (0/1) D:4           Sewer (visited)
Ossuary (visited)           IceCv (1/1)
   Lair: D:8-11         Orc: D:9-12

Altars:
Ashenzari
Cheibriados
Fedhas
Gozag
Hepliaklqana
Nemelex Xobeh
Uskayaw
Vehumet
Xom
The Shining One

Shops:
D:4 ?   D:6 (**


Innate Abilities, Weirdness & Mutations

You are immune to poison.
Your flesh is very heat resistant. (rF++)
You are vulnerable to cold. (rC-)
You float through the air rather than walking.
You learn spells naturally, not from books.
Your magical power is your life essence.
You have superior vitality. (+4 HP)


Message History

The searing ray hits the ice beast!
The ice beast is moderately wounded.
The searing ray hits the ice statue!
The ice statue is moderately damaged.
The zombie hands constrict the ice statue!
The ice statue gestures.
The searing ray misses the ice beast.
The searing ray hits the ice beast.
The ice beast is lightly wounded.
The searing ray hits the ice statue!
The ice statue is heavily damaged.
The zombie hands constrict the ice statue.
Casting: Searing Ray (safe; 1% risk of failure)
Confirm with . or Enter, or press ? or * to list all spells.
Okay, then.
The searing ray hits the ice beast.
The ice beast is heavily wounded.
The searing ray hits the ice beast!
The ice beast is heavily wounded.
The searing ray hits the ice statue.
The ice statue is severely damaged.
You finish channeling your searing ray.
The zombie hands constrict the ice statue!
Casting: Searing Ray (safe; 1% risk of failure)
Confirm with . or Enter, or press ? or * to list all spells.
Aiming: Searing Ray (safe; 1% risk of failure)
Press: ? - help, Shift-Dir - straight line, f/p - ice statue
Aim: an ice statue (freezing vapour, almost destroyed, constricted by zombie hands, 0% to evade)
The searing ray misses the ice beast.
The searing ray hits the ice statue!
You destroy the ice statue!
The ice beast disappears in a puff of smoke! x2 (Press . to maintain the ray.)
You start resting.
You are engulfed in freezing vapours.
You are engulfed in freezing vapours.
* * * LOW HITPOINT WARNING * * *
You are engulfed in freezing vapours.
* * * LOW HITPOINT WARNING * * *
You start resting.
You are engulfed in freezing vapours.
You die...

*≈ ≈ ≈ ≈
≈##☼○☼###..##
≈≈* *
###°###...# ≈
* ≈
##.#####..##
, #.:.###..##
* ,, ,*
##......## *
*#§.#....#≈ ≈
* ,#☼####.##≈
*≈ , #☼○#####
* * **
#°○##@## * ,
{##☼§§☼.# * ,
,##○§§.≈.#,*
* ≈
####≈.#..# ≈*
, ≈ #.#*.# *
* ≈ ## # *
,,,* ≈ ≈ * *
≈ * * , * **
* * ≈ *


There were no monsters in sight!

Vanquished Creatures
  Harold (D:9)
  Erica (D:9)
  A two-headed ogre (D:10)
  An ice statue (IceCv)
  2 ice devils (D:11)
  A kobold demonologist (D:10)
  A komodo dragon (D:11)
  A polar bear (IceCv)
  Sigmund (D:5)
  3 vampires
  4 yaks (D:9)
  A steam dragon (D:9)
  2 water moccasins (D:7)
  An acid dragon (D:9)
  Duvessa (D:6)
  2 orc warriors
  3 sky beasts
  An ice beast (D:6)
  2 black bears
  4 necrophages
  4 wolves (IceCv)
  3 centaurs
  2 ogres
  4 bullfrogs
  2 gnoll sergeants
  3 kobold brigands (D:10)
  A wyvern zombie (D:7)
  Dowan (D:6)
  6 killer bees (D:9)
  3 howler monkeys
  2 jellies
  5 centaur zombies
  9 orc priests
  2 hounds (D:5)
  3 gnoll shamans
  Natasha (thrice) (D:4)
  An iguana (D:6)
  8 orc wizards
  8 mummies (Ossuary)
  2 howler monkey zombies (D:9)
  Robin (D:4)
  20 gnolls
  12 adders
  2 adder skeletons (D:5)
  2 worms
  A dart slug (D:2)
  38 orcs
  7 ball pythons
  4 bats
  7 endoplasms
  6 giant cockroaches
  2 gnoll zombies (Ossuary)
  12 goblins
  9 hobgoblins
  6 jackals (D:2)
  12 kobolds
  6 quokkas
  4 frilled lizards
  2 hobgoblin zombies (Ossuary)
  A kobold zombie (Ossuary)
  3 orc zombies (Ossuary)
  4 rats (D:2)
267 creatures vanquished.

Vanquished Creatures (others)
  A polar bear (IceCv)
  2 yaks (IceCv)
  A wolf (IceCv)
  27 foxfires
  36 fulminant prisms
  10 plants
77 creatures vanquished.

Grand Total: 344 creatures vanquished

Notes
Turn   | Place    | Note
-------+----------+-------------------------------------------
     0 | D:1      | siradein the Djinni Conjurer began the quest for the Orb.
     0 | D:1      | Reached XP level 1. HP: 15/15 MP: 0/0
   121 | D:1      | Found a faded altar of an unknown god.
   261 | D:1      | Reached XP level 2. HP: 16/21 MP: 0/0
   343 | D:1      | Reached skill level 4 in Spellcasting
   799 | D:2      | Reached XP level 3. HP: 23/25 MP: 0/0
   799 | D:2      | Learned a level 1 spell: Foxfire
   826 | D:2      | Found a broken altar of Ashenzari.
   929 | D:2      | Became a worshipper of Ashenzari the Shackled
  1396 | D:2      | Reached XP level 4. HP: 27/31 MP: 0/0
  1736 | D:2      | Noticed an ogre
  1739 | D:2      | Killed an ogre
  1740 | D:2      | Reached skill level 5 in Spellcasting
  1740 | D:2      | Reached XP level 5. HP: 31/35 MP: 0/0
  1740 | D:2      | Learned a level 2 spell: Slow
  2317 | D:3      | Reached skill level 6 in Spellcasting
  2317 | D:3      | Reached XP level 6. HP: 29/40 MP: 0/0
  3874 | D:4      | Noticed Natasha
  3878 | D:4      | Killed Natasha
  3879 | D:4      | Reached XP level 7. HP: 37/45 MP: 0/0
  3879 | D:4      | Learned a level 3 spell: Confusing Touch
  3882 | D:4      | Reached skill level 7 in Spellcasting
  3883 | D:4      | Noticed Natasha
  3889 | D:4      | Killed Natasha
  3890 | D:4      | Noticed Natasha
  3894 | D:4      | Killed Natasha
  4023 | D:4      | Found a staircase to the Ecumenical Temple.
  4278 | D:4      | Found a glowing golden altar of the Shining One.
  4278 | D:4      | Found a hide-covered altar of Uskayaw.
  4287 | D:4      | Reached * piety under Ashenzari
  4341 | D:4      | Found a glowing drain.
  4354 | Sewer    | Entered a sewer
  4879 | D:4      | Found a shimmering altar of Xom.
  4924 | D:4      | Found Umirr's Magic Scroll Shoppe.
  4936 | D:4      | Identified the Handbook of Toxic Conjuration
  4938 | D:4      | Noticed Robin
  4943 | D:4      | Killed Robin
  5145 | D:4      | Reached ** piety under Ashenzari
  5535 | D:5      | Entered Level 5 of the Dungeon
  5586 | D:5      | Reached skill level 8 in Spellcasting
  5604 | D:5      | Reached XP level 8. HP: 10/50 MP: 0/0
  6086 | D:5      | Reached skill level 9 in Spellcasting
  6846 | D:5      | Found a faded altar of an unknown god.
  6846 | D:5      | Noticed Sigmund
  6849 | D:5      | Killed Sigmund
  6872 | D:5      | Found a hazy altar of Hepliaklqana.
  6964 | D:6      | Reached *** piety under Ashenzari
  7023 | D:6      | Found Kitwihiw's General Store.
  7031 | D:6      | Found Potsomm's General Store.
  7139 | D:6      | Reached skill level 10 in Spellcasting
  7139 | D:6      | Reached XP level 9. HP: 52/56 MP: 0/0
  7139 | D:6      | Learned a level 4 spell: Hailstorm
  7195 | D:6      | Noticed Duvessa
  7195 | D:6      | Noticed Dowan
  7199 | D:6      | Killed Duvessa
  7202 | D:6      | Killed Dowan
  7428 | D:6      | Found Cocwoax's Antique Weapon Emporium.
  8612 | D:6      | Found an opulent altar of Gozag.
  8616 | D:6      | Found a sparkling altar of Nemelex Xobeh.
  8647 | D:6      | Found a blossoming altar of Fedhas.
  8649 | D:6      | Found a snail-covered altar of Cheibriados.
  8684 | D:7      | Reached skill level 1 in Fighting
  8684 | D:7      | Reached skill level 1 in Armour
  8684 | D:7      | Reached skill level 1 in Shields
  8980 | D:7      | Found a sand-covered staircase.
  8989 | Ossuary  | Entered an ossuary
 10258 | D:8      | Reached XP level 10. HP: 55/70 MP: 0/0
 10620 | D:8      | Reached skill level 11 in Spellcasting
 11305 | D:9      | Noticed Erica
 11322 | D:9      | Killed Erica
 11590 | D:9      | Reached skill level 5 in Dodging
 11716 | D:9      | Noticed Harold
 11743 | D:9      | Killed Harold
 11810 | D:9      | Reached XP level 11. HP: 41/79 MP: 0/0
 11810 | D:9      | Learned a level 5 spell: Borgnjor's Vile Clutch
 12401 | D:10     | Entered Level 10 of the Dungeon
 12433 | D:10     | Reached skill level 5 in Fighting
 12433 | D:10     | Reached skill level 5 in Armour
 12433 | D:10     | Reached skill level 5 in Shields
 13238 | D:10     | Noticed a two-headed ogre
 13242 | D:10     | Killed a two-headed ogre
 14028 | D:11     | Found a frozen archway.
 14037 | IceCv    | Entered an ice cave
 15318 | IceCv    | HP: 1/79 [something (20)]
 15329 | IceCv    | Engulfed by a cloud of freezing vapour

Illustrated notes

Levels and vault maps discovered:
D:1:      dpeg_arrival_long_road, layout_rooms,
          shapermc_ecumenical_altar_totnotflames
D:2:      layout_basic, serial_curves, eino_curves_03, eino_curves_04,
          basic_altar, minmay_randomly_rotated_circles
D:3:      layout_loops_ring, serial_forest, infiniplex_forest_clump_diagonal,
          infiniplex_forest_clump_long, infiniplex_forest_end_3,
          infiniplex_forest_straight_5, infiniplex_forest_clump_small,
          infiniplex_forest_straight_2
D:4:      layout_basic, chequers_temple_overflow_statue_of_worship,
          minmay_temple_entry_proselytizer, serial_shops,
          nicolae_shop_statue_plus, cheibrodos_sewer_entry_bend, uniq_natasha,
          uniq_robin
D:5:      layout_basic, beargit_hepliaklqana_dungeon_heroes
D:6:      layout_loops_cross, nicolae_overflow_hidden_temple, serial_shops,
          shop, nicolae_shop_overgrown_old_shop, nicolae_shop_window_shopping,
          uniq_duvessa
D:7:      layout_rooms, chequers_ossuary_entry_cave
D:8:      layout_rooms, nicolae_overflow_crystal_walls, st_stairs_3
D:9:      layout_irregular_city, uniq_erica, uniq_harold
D:10:     layout_basic
D:11:     minmay_firetagon, layout_gridville, erik_lair_island,
          zombieorc2_lemuel, portal_ice_cave_demonic_guard, billiards_dpeg
IceCv:    ice_cave_caverns_02

Skill      XL: |  1  2  3  4  5  6  7  8  9 10 11 |
---------------+----------------------------------+-----
Spellcasting   | 4 5 6 8 10 11 | 11.6
Fighting       | 2 4 5 |  5.9
Armour         | 2 4 5 |  5.9
Shields        | 2 4 5 |  5.9
Dodging        | 3 5 6 |  6.9
Stealth        | |  1.5

Action                   |  1- 3 |  4- 6 |  7- 9 | 10-12 || total
-------------------------+-------+-------+-------+-------++-------
Melee: Short sword       |       |       |     1 |     1 ||     2
 Cast: Magic Dart        |    56 |    81 |   100 |    41 ||   278
       Searing Ray       |       |    16 |    56 |    41 ||   113
       Fulminant Prism   |       |       |    18 |    18 ||    36
       Foxfire           |       |       |     6 |    10 ||    16
       Hailstorm         |       |       |     4 |       ||     4
       Confusing Touch   |       |       |     1 |     1 ||     2
       Dazzling Flash    |       |       |     1 |       ||     1
       Slow              |       |       |       |     3 ||     3
       Iskenderun's Myst |       |       |       |     2 ||     2
       Borgnjor's Vile C |       |       |       |    36 ||    36
Invok: Curse Item        |       |     1 |     3 |     1 ||     5
       Shatter the Chain |       |       |       |     2 ||     2
  Use: Potion            |       |       |       |     1 ||     1
Armor: Robe              |     3 |       |       |       ||     3
       Ring mail         |       |       |     9 |     4 ||    13
       Acid dragon scale |       |       |       |     2 ||     2
Dodge: Dodged            |     1 |     6 |    12 |    24 ||    43
Block: Buckler           |       |     1 |     7 |    10 ||    18

Table legend: (Time is in decaauts)
 A = Elapsed time spent in this place.
 B = Non-inter-level travel time spent in this place.
 C = Inter-level travel time spent in this place.
 D = Time resting spent in this place.
 E = Time spent auto-exploring this place.
 F = Levels seen in this place.
 G = Mean time per level.
                   A        B        C        D        E       F      G
               +--------+--------+--------+--------+--------+-----+--------+
         Total |  15353 |  14555 |    798 |   1677 |  11031 |  14 | 1096.6 |
       Dungeon |  13347 |  12549 |    798 |    705 |  10232 |  11 | 1213.4 |
         Sewer |    428 |    428 |      0 |      0 |    360 |   1 |  428.0 |
       Ossuary |    285 |    285 |      0 |      6 |    230 |   1 |  285.0 |
      Ice Cave |   1291 |   1291 |      0 |    966 |    209 |   1 | 1291.0 |
               +--------+--------+--------+--------+--------+-----+--------+

Top non-repeatable levels by time:
     D:4: 1709 daAuts
     D:2: 1608 daAuts
     D:6: 1586 daAuts
     D:3: 1562 daAuts
    D:10: 1425 daAuts
     D:9: 1354 daAuts
   IceCv: 1291 daAuts
     D:5: 1281 daAuts
     D:7: 1138 daAuts
     D:8: 827 daAuts
     D:1: 642 daAuts
   Sewer: 428 daAuts
 Ossuary: 285 daAuts
    D:11: 209 daAuts
